 Dungeon Crawl Stone Soup version 0.27.0-66-gdc8fb28755 (webtiles) character file.

Game seed: 4688955333342222562

20 Thatpatchoflichen the Skirmisher (level 2, 0/27 HPs)
             Began as a Minotaur Monk on Aug 19, 2021.
             Slain by Jessica (2 damage)
             ... on level 2 of the Dungeon.
             The game lasted 00:03:31 (1191 turns).

Thatpatchoflichen the Skirmisher (Minotaur Monk)    Turns: 1191, Time: 00:03:32

Health: 0/27       AC:  3    Str: 15    XL:     2   Next: 58%
Magic:  1/1        EV: 13    Int:  7    God:
Gold:   77         SH:  5    Dex: 12    Spells: 1/1 levels left

rFire    . . .     SeeInvis .   a - +0 spear
rCold    . . .     Faith    .   (no shield)
rNeg     . . .     Spirit   .   b - +0 robe
rPois    .         Reflect  +   (helmet restricted)
rElec    .         Harm     .   (no cloak)
rCorr    .         Rampage  .   (no gloves)
Will     .....                  j - +0 pair of boots
Stlth    ++........             f - amulet of reflection
HPRegen  0.09/turn              (no ring)
MPRegen  0.07/turn              (no ring)

@: no status effects
A: horns 2, retaliatory headbutt
a: no special abilities


You were on level 2 of the Dungeon.
You visited 1 branch of the dungeon, and saw 2 of its levels.

You collected 77 gold pieces.

Inventory:

Hand Weapons
 a - a +0 spear (weapon)
Armour
 b - a +0 robe (worn)
 j - a +0 pair of boots (worn)
 l - a +0 scale mail
Jewellery
 f - an amulet of reflection (around neck)
 g - a ring of magical power
Scrolls
 c - a scroll of enchant weapon {unknown}
 d - a scroll of identify {unknown}
 e - 3 scrolls of teleportation {unknown}
 h - a scroll of fog {unknown}
 i - 3 scrolls of amnesia {unknown}
Potions
 k - a potion of magic {unknown}


   Skills:
 + Level 4.0 Fighting
 - Level 3.6 Polearms
 + Level 1.4 Armour
 + Level 3.7 Dodging
 - Level 1.5 Stealth


You had one spell level left.
You didn't know any spells.
Your spell library contained the following spells:

 Spells                   Type           Power      Damage    Failure   Level
 Stone Arrow              Conj/Erth      0%         3d7       80%         3
 Cause Fear               Hex            0%         N/A       99%         4
 Bolt of Magma            Conj/Fire/Erth 0%         4d4       100%        5
 Dragon Form              Tmut           0%         N/A       100%        7
 Dragon's Call            Summ           0%         N/A       100%        9
 Shatter                  Erth           0%         3d5*      100%        9


Dungeon Overview and Level Annotations

Branches:
Dungeon (2/15)

Altars:

Shops:
D:1 :

Annotations:
D:2 Jessica


Innate Abilities, Weirdness & Mutations

You have a pair of horns on your head.
You reflexively headbutt those who attack you in melee.


Message History

You kill the hobgoblin!
A ball python comes into view.
The ball python hisses angrily.
You hit the ball python.
You kill the ball python!
You see here a ball python corpse.
Found a scale mail.
You see here a +0 scale mail.
l - a +0 scale mail You don't know any spells.
No target in view!
You don't know any spells.
You don't know any spells.
Jessica and a dart slug come into view.
Jessica shouts!
The dart slug launches a dart at you. The slug dart hits you.
Jessica shouts, "I don't like beings like you!"
Jessica barely misses you.
You hit Jessica. Your headbutt misses Jessica.
Jessica is moderately wounded.
Jessica closely misses you. You furiously retaliate!
You headbutt Jessica. You barely miss Jessica.
You headbutt Jessica, but do no damage.
Jessica is heavily wounded.
Jessica drinks a potion.
Jessica is healed!
You hit Jessica.
Jessica is heavily wounded.
Jessica gestures wildly while chanting.
Jessica blinks!
Jessica casts a spell at you. Pain shoots through your body!
You hit Jessica.
Jessica is severely wounded.
Jessica points at you and mumbles some strange words.
Pain shoots through your body!
* * * LOW HITPOINT WARNING * * *
You closely miss Jessica.
Jessica is severely wounded.
Jessica hits you with a +0 club.
You die...

#.# #. #..# #.###..######
............#
...........# #.#........#
#.#...@....# #
#.#...@....#
#.##.#........#
#....w.###.#### ####.###
... #########.# ####
..........##### .
##.#####......#########..
#.####.#......... #.#
#.#.........


You could see a dart slug and Jessica.

Vanquished Creatures
  A dart slug (D:1)
  An endoplasm (D:1)
  A giant cockroach (D:1)
  A goblin (D:1)
  2 hobgoblins
  2 jackals (D:1)
  2 ball pythons
  3 kobolds (D:1)
  4 rats (D:1)
17 creatures vanquished.

Notes
Turn   | Place    | Note
-------+----------+-------------------------------------------
     0 | D:1      | Thatpatchoflichen the Minotaur Monk began the quest for the
                  | Orb.
     0 | D:1      | Reached XP level 1. HP: 19/19 MP: 0/0
   142 | D:1      | Found a faded altar of an unknown god.
   173 | D:1      | Found Fyuz's Book Shop.
   498 | D:1      | Reached skill level 1 in Armour
   498 | D:1      | Reached XP level 2. HP: 27/27 MP: 1/1
   729 | D:1      | Reached skill level 4 in Fighting
  1177 | D:2      | Noticed Jessica
  1191 | D:2      | Slain by Jessica

Illustrated notes

Levels and vault maps discovered:
D:1:      matt_arrival_diagonals, layout_loops_corners, serial_shops, shop,
          hellmonk_ecumenical_altar_lost_god
D:2:      minmay_inner_zag, layout_loops_cross, grunt_ministairs_13,
          minmay_octomino_c4, uniq_jessica

Skill      XL: |  1  2 |
---------------+-------+-----
Armour         | 1 |  1.4
Fighting       | 4 |  4.0
Polearms       | |  3.6
Dodging        | |  3.7
Stealth        | |  1.5

Action                   || total
-------------------------++-------
Melee: Spear             ||    34
       Headbutt          ||     6
Armor: Robe              ||     5
Dodge: Dodged            ||    19
Block: Other             ||     8
